 Dungeon Crawl Stone Soup version 0.28-a0-309-gf6d37e6e1d (webtiles) character file.

Game seed: 4778431247994484443

7454 Colgate the Summoner (level 11, -4/81 HPs)
             Began as a Gnoll Summoner on Aug 30, 2021.
             Was an Elder of Lugonu.
             Slain by a vampire mosquito (8 damage)
             ... on level 10 of the Dungeon.
             The game lasted 01:51:43 (17097 turns).

Colgate the Summoner (Gnoll Summoner)              Turns: 17097, Time: 01:51:44

Health: -4/81      AC: 10    Str: 21    XL:     11   Next: 15%
Magic:  4/22       EV: 15    Int: 16    God:    Lugonu [****..]
Gold:   151        SH:  0    Dex: 13    Spells: 12/25 levels left

rFire   . . .      SeeInvis .   b - +0 dire flail
rCold   . . .      Faith    .   (shield currently unavailable)
rNeg    . . .      Spirit   .   F - +0 steam dragon scales
rPois   .          Reflect  .   (no helmet)
rElec   .          Harm     .   j - +2 cloak
rCorr   .          Rampage  .   (no gloves)
Will    .....                   Q - +0 pair of boots
Stlth   +++.......              (no amulet)
HPRegen 0.23/turn               T - +6 ring of strength
MPRegen 0.18/turn               M - +6 ring of strength

@: no status effects
A: fangs 1, strong nose, distributed training
a: Renounce Religion, Depart the Abyss, Bend Space, Banish, Corrupt


You were on level 10 of the Dungeon.
You worshipped Lugonu.
Lugonu was greatly pleased with you.
You visited 1 branch of the dungeon, and saw 11 of its levels.

You collected 534 gold pieces.
You spent 383 gold pieces at shops.

Inventory:

Hand Weapons
 a - a +0 glaive
 b - a +0 dire flail (weapon)
 l - a +1 shortbow of freezing
 m - a +3 hunting sling
Missiles
 c - 8 curare-tipped darts
 o - 84 poisoned darts
 q - 244 stones
 w - 127 sling bullets
 x - 3 boomerangs
 E - 308 arrows
 I - 2 javelins
Armour
 j - a +2 cloak (worn)
 r - the +2 leather armour of Eternity {Regen+}
   (You bought it in a shop on level 4 of the Dungeon)

   Regen:     It increases your rate of health regeneration.
 y - a +0 robe of cold resistance
 F - +0 steam dragon scales (worn)
 Q - a +0 pair of boots (worn)
Jewellery
 u - a ring of positive energy
 M - a +6 ring of strength (right hand)
 R - a ring of resist corrosion
 T - a +6 ring of strength (left hand)
Wands
 f - a wand of paralysis (6)
 i - a wand of mindburst (18)
 B - a wand of flame (9)
 J - a wand of iceblast (6)
 S - a wand of polymorph (8)
Scrolls
 d - 2 scrolls of noise {unknown}
 e - 2 scrolls of fog {unknown}
 k - 3 scrolls of teleportation
 t - 2 scrolls of enchant weapon {unknown}
 v - 4 scrolls of blinking {unknown}
 z - 2 scrolls of amnesia {unknown}
 G - 2 scrolls of immolation {unknown}
 H - a scroll of acquirement {unknown}
 K - a scroll of silence {unknown}
 N - a scroll of magic mapping {unknown}
 P - a scroll of vulnerability {unknown}
Potions
 g - 7 potions of curing
 h - a potion of haste {unknown}
 n - 4 potions of heal wounds
 p - a potion of magic
 s - 2 potions of ambrosia
 A - 4 potions of resistance
 C - a potion of attraction
 D - 2 potions of cancellation
 L - 3 potions of lignification
 O - a potion of flight {unknown}
 V - a potion of invisibility {unknown}
Miscellaneous
 U - a lightning rod (4/4)


   Skills:
 + Level 6.0 Fighting
 + Level 6.0 Short Blades
 + Level 6.0 Long Blades
 + Level 6.0 Axes
 + Level 6.0 Maces & Flails
 + Level 6.0 Polearms
 + Level 6.0 Staves
 + Level 6.0 Slings
 + Level 6.0 Bows
 + Level 6.0 Crossbows
 + Level 6.0 Throwing
 + Level 6.0 Armour
 + Level 7.6 Dodging
 + Level 7.4 Stealth
 + Level 6.0 Shields
 + Level 6.0 Unarmed Combat
 + Level 7.9 Spellcasting
 + Level 5.0 Conjurations
 + Level 5.0 Hexes
 + Level 8.8 Summonings
 + Level 5.0 Necromancy
 + Level 5.0 Translocations
 + Level 5.0 Transmutations
 + Level 5.0 Fire Magic
 + Level 5.0 Ice Magic
 + Level 5.0 Air Magic
 + Level 5.0 Earth Magic
 + Level 5.0 Poison Magic
 + Level 6.6 Invocations
 + Level 6.0 Evocations


You had 12 spell levels left.
You knew the following spells:

 Your Spells              Type           Power      Damage    Failure   Level
a - Summon Small Mammal   Summ           100%       N/A       1%          1
b - Call Imp              Summ           34%        N/A       1%          2
c - Call Canine Familiar  Summ           34%        N/A       1%          3
d - Summon Guardian Gole  Hex/Summ       28%        N/A       1%          3
e - Summon Lightning Spi  Summ/Air       28%        N/A       7%          4

Your spell library contained the following spells:

 Spells                   Type           Power      Damage    Failure   Level
 Sublimation of Blood     Necr           11%        N/A       2%          2
 Wereblood                Tmut           22%        N/A       2%          2
 Blade Hands              Tmut           11%        N/A       38%         5
 Irradiate                Conj/Tmut      11%        3d17      38%         5
 Iskenderun's Battlesphe  Conj           22%        2d8       38%         5
 Iron Shot                Conj/Erth      11%        9d3       92%         6
 Summon Hydra             Summ           17%        N/A       95%         7
 Spellforged Servitor     Conj/Summ      14%        N/A       99%         7
 Dragon Form              Tmut           11%        N/A       100%        7


Dungeon Overview and Level Annotations

Branches:
Dungeon (11/15)            Temple (0/1) D:5
   Lair: D:8-11         Orc: D:9-12

Altars:
Elyvilon
Kikubaaqudgha
Makhleb
Nemelex Xobeh
Okawaru
Qazlal
Ru
Trog
Uskayaw
Vehumet
Wu Jian
Yredelemnul
The Shining One
Beogh
Lugonu

Shops:
D:1 *   D:4 [[!((   D:7 [   D:8 [   D:9 !   D:10 *

Annotations:
D:10 kiven takana expaa


Innate Abilities, Weirdness & Mutations

You have very sharp teeth.
Your uncanny sense of smell can sniff out nearby items.
Your experience applies equally to all skills.


Message History

Your hound barely misses the vampire mosquito.
Your hound misses the vampire mosquito. You closely miss the vampire mosquito.
The vampire mosquito is lightly damaged.
Your hound barely misses the vampire mosquito.
The vampire mosquito bites you but does no damage.
Your hound barely misses the vampire mosquito.
The vampire mosquito bites you!
The vampire mosquito draws strength from your injuries!
The vampire mosquito barely misses you.
Your hound closely misses the vampire mosquito.
The vampire mosquito misses you.
Your hound barely misses the vampire mosquito.
You closely miss the vampire mosquito. Your bite misses the vampire mosquito.
The vampire mosquito is lightly damaged.
The vampire mosquito misses you. The vampire mosquito barely misses you.
Your hound bites the vampire mosquito but does no damage.
You barely miss the vampire mosquito.
The vampire mosquito is lightly damaged.
The vampire mosquito closely misses you.
Your hound closely misses the vampire mosquito.
The vampire mosquito closely misses you.
Your hound misses the vampire mosquito. You barely miss the vampire mosquito.
You bite the vampire mosquito.
The vampire mosquito is lightly damaged.
The vampire mosquito closely misses you.
Your hound misses the vampire mosquito. The vampire mosquito bites you.
* * * LOW HITPOINT WARNING * * *
The vampire mosquito draws strength from your injuries!
You hit the vampire mosquito but do no damage.
The vampire mosquito is lightly damaged.
The vampire mosquito bites you!
* * * LOW HITPOINT WARNING * * *
The vampire mosquito draws strength from your injuries!
Your hound bites the vampire mosquito.
The vampire mosquito bites you!
* * * LOW HITPOINT WARNING * * *
The vampire mosquito draws strength from your injuries!
Your hound misses the vampire mosquito. You barely miss the vampire mosquito.
The vampire mosquito bites you!
You die...

...)......######...^.....# #####
##.....##..#..##..<......# #....
.....#.##.....##..###....#######.
....#####.........##.....#∩.∩.∩#.
..#..#.##........#...#..#........
###....##.##.#.....>........⌠....
###.......##...####.8..#†.......#
..#............###.....#.#∩.∩.∩#.
.....#....###..#@.....>#.#######.
........######.hy##...##...##...#
........###...................###
............##.#..#...##...####
............##.#....####...#
............##.#.#..# #..##
...............#.#..# #..#
.................#..####..#
....####......####........#


You could see a vampire mosquito (ally target), a friendly lightning spire
(summoned) and a friendly hound (summoned).

Vanquished Creatures
  2 yaks (D:9)
  A wraith (D:10)
  2 nameless horrors
  A steam dragon (D:7)
  A vampire mosquito (D:10)
  An acid dragon (D:9)
  An ice beast (D:5)
  An orc warrior (D:8)
  A sky beast (D:5)
  A hornet zombie (D:6)
  2 centaurs
  A phantom (D:4)
  3 wights
  3 electric eels (D:8)
  An orc priest (D:9)
  A human zombie (D:7)
  A jelly (D:7)
  A hound (D:6)
  A bullfrog zombie (D:7)
  An orc wizard (D:9)
  A killer bee zombie (D:7)
  2 hound skeletons
  A howler monkey zombie (D:10)
  A gnoll (D:4)
  2 adders
  2 shadow imps (D:7)
  2 white imps
  An adder skeleton (D:3)
  2 dart slugs
  5 orcs
  2 bats (D:3)
  3 endoplasms
  2 giant cockroaches
  A goblin (D:2)
  2 hobgoblins
  4 kobolds
  4 ball pythons
  A frilled lizard (D:1)
  A rat (D:1)
66 creatures vanquished.

Vanquished Creatures (collateral kills)
  Pikel (D:8)
  An unseen horror (D:10)
  A vampire (D:10)
  A shadow (D:10)
  A wraith (D:10)
  A wyvern (D:9)
  8 yaks
  A vampire mosquito (D:10)
  Menkaure (D:4)
  A water moccasin (D:6)
  2 orc warriors
  2 black bears
  A necrophage (D:7)
  A centaur (D:6)
  2 phantoms
  4 lemures (D:8)
  A nameless horror (D:5)
  2 bullfrogs (D:8)
  3 kobold brigands
  A wyvern zombie (D:7)
  4 scorpions
  A water moccasin skeleton (D:5)
  5 wights
  2 howler monkeys (D:10)
  3 centaur zombies
  An orc priest (D:9)
  A centaur skeleton (D:6)
  A jelly (D:6)
  2 iguanas
  3 orc wizards
  A killer bee zombie (D:7)
  A howler monkey zombie (D:7)
  2 mummies (D:7)
  3 gnolls (D:4)
  An adder (D:5)
  An ufetubus (D:6)
  3 dart slugs (D:1)
  10 orcs
  4 bats
  An endoplasm (D:2)
  2 giant cockroaches
  2 hobgoblins
  7 jackals
  A quokka (D:1)
  2 ball pythons
  2 frilled lizards
  16 kobolds
  4 rats
122 creatures vanquished.

Vanquished Creatures (others)
  A wyvern (D:5)
  A yak (D:5)
  A centaur (D:7)
  3 killer bees (D:8)
  An orc wizard (D:7)
7 creatures vanquished.

Grand Total: 195 creatures vanquished

Notes
Turn   | Place    | Note
-------+----------+-------------------------------------------
     0 | D:1      | Colgate the Gnoll Summoner began the quest for the Orb.
     0 | D:1      | Reached XP level 1. HP: 13/13 MP: 6/6
   366 | D:1      | Reached XP level 2. HP: 13/20 MP: 5/7
   369 | D:1      | Learned a level 2 spell: Call Imp
   527 | D:1      | Found a faded altar of an unknown god.
   531 | D:1      | Became a worshipper of Lugonu the Unformed
   531 | D:1      | Reached * piety under Lugonu
   531 | D:1      | Reached ** piety under Lugonu
   719 | D:1      | Found Baut's Assorted Antiques.
   765 | D:1      | Bought an inky potion for 18 gold pieces
  1401 | D:2      | Reached XP level 3. HP: 25/25 MP: 6/9
  1423 | D:2      | Reached skill level 5 in Spellcasting
  1427 | D:2      | Learned a level 3 spell: Call Canine Familiar
  1431 | D:2      | Learned a level 3 spell: Summon Guardian Golem
  3059 | D:1      | Bought a scroll labelled EKLIQA UDEPS for 20 gold pieces
  3059 | D:1      | Bought 2 murky puce potions for 36 gold pieces
  3059 | D:1      | Bought a scroll labelled EKLIQA UDEPS for 20 gold pieces
  3148 | D:3      | Reached skill level 1 in Invocations
  3369 | D:3      | Reached skill level 1 in Fighting
  3369 | D:3      | Reached skill level 1 in Short Blades
  3369 | D:3      | Reached skill level 1 in Long Blades
  3369 | D:3      | Reached skill level 1 in Axes
  3369 | D:3      | Reached skill level 1 in Maces & Flails
  3369 | D:3      | Reached skill level 1 in Polearms
  3369 | D:3      | Reached skill level 1 in Staves
  3369 | D:3      | Reached skill level 1 in Slings
  3369 | D:3      | Reached skill level 1 in Bows
  3369 | D:3      | Reached skill level 1 in Crossbows
  3369 | D:3      | Reached skill level 1 in Throwing
  3369 | D:3      | Reached skill level 1 in Armour
  3369 | D:3      | Reached skill level 1 in Shields
  3369 | D:3      | Reached skill level 1 in Unarmed Combat
  3369 | D:3      | Reached skill level 1 in Evocations
  3549 | D:3      | Reached XP level 4. HP: 32/32 MP: 7/11
  3882 | D:3      | Found a sacrificial altar of Ru.
  3916 | D:3      | Found a radiant altar of Vehumet.
  3937 | D:3      | Found a stormy altar of Qazlal.
  3974 | D:3      | Reached *** piety under Lugonu
  3977 | D:3      | Found a burning altar of Makhleb.
  4039 | D:4      | Found Xeegh's Armour Shop.
  4040 | D:4      | Found Maetyf's Antique Armour Boutique.
  4144 | D:1      | Bought a scroll labelled GISOPA MUROTUH for 20 gold pieces
  4247 | D:4      | Found Rubrocigue's Antique Weapon Shoppe.
  4481 | D:4      | Found Jiqeleif's Distillery.
  4493 | D:4      | Found an iron altar of Okawaru.
  4505 | D:4      | Reached skill level 1 in Conjurations
  4505 | D:4      | Reached skill level 1 in Hexes
  4505 | D:4      | Reached skill level 1 in Necromancy
  4505 | D:4      | Reached skill level 1 in Translocations
  4505 | D:4      | Reached skill level 1 in Transmutations
  4505 | D:4      | Reached skill level 1 in Fire Magic
  4505 | D:4      | Reached skill level 1 in Ice Magic
  4505 | D:4      | Reached skill level 1 in Air Magic
  4505 | D:4      | Reached skill level 1 in Earth Magic
  4505 | D:4      | Reached skill level 1 in Poison Magic
  4559 | D:4      | Found Xecyl's Antique Weapon Shop.
  4895 | D:4      | Found a sparkling altar of Nemelex Xobeh.
  4954 | D:4      | Noticed a phantom
  4980 | D:4      | Killed a phantom
  4981 | D:4      | Reached XP level 5. HP: 36/37 MP: 6/12
  5090 | D:4      | Noticed Menkaure
  5194 | D:4      | Reached XP level 6. HP: 44/44 MP: 13/13
  5483 | D:5      | Entered Level 5 of the Dungeon
  5499 | D:5      | Noticed an ice beast
  5787 | D:5      | Reached skill level 5 in Dodging
  5933 | D:5      | Found a basalt altar of Yredelemnul.
  5933 | D:5      | Found a faded altar of an unknown god.
  5941 | D:5      | Found a faded altar of an unknown god.
  5943 | D:5      | Found a glowing golden altar of the Shining One.
  5945 | D:5      | Found an ornate altar of the Wu Jian Council.
  5994 | D:5      | Found a staircase to the Ecumenical Temple.
  6001 | D:5      | Noticed a black bear
  6419 | D:5      | Killed an ice beast
  6420 | D:5      | Reached XP level 7. HP: 49/50 MP: 4/15
  6824 | D:5      | Reached skill level 5 in Stealth
  7112 | D:5      | Noticed a wyvern
  7131 | D:5      | Killed a wyvern
  7132 | D:5      | Reached XP level 8. HP: 56/57 MP: 6/16
  7282 | D:4      | Bought a translucent leather armour for 119 gold pieces
  7282 | D:4      | Identified the +2 leather armour of Eternity {Regen+} (You
                  | bought it in a shop on level 4 of the Dungeon)
  7307 | D:4      | Learned a level 4 spell: Summon Lightning Spire
  7352 | D:4      | Killed Menkaure
  7496 | D:6      | Noticed a yak
  7496 | D:6      | Noticed a yak
  7496 | D:6      | Noticed a yak
  7496 | D:6      | Noticed a yak
  7496 | D:6      | Noticed a yak
  7510 | D:5      | Killed a yak
  7515 | D:5      | Killed a yak
  7970 | D:5      | Killed a yak
  7977 | D:5      | Killed a yak
  7980 | D:5      | Killed a yak
  7981 | D:5      | Reached XP level 9. HP: 49/65 MP: 6/18
  8086 | D:5      | Found a staircase to the Ecumenical Temple.
  8265 | D:5      | Found a basalt altar of Yredelemnul.
  8265 | D:5      | Found a faded altar of an unknown god.
  8272 | D:5      | Found a faded altar of an unknown god.
  8274 | D:5      | Found a glowing golden altar of the Shining One.
  8276 | D:5      | Found an ornate altar of the Wu Jian Council.
  8536 | D:6      | Noticed a nameless horror
  9285 | D:6      | Reached skill level 8 in Summonings
  9531 | D:6      | Killed a nameless horror
 10301 | D:7      | Found Muubegui's Antique Armour Shoppe.
 10949 | D:7      | Reached skill level 5 in Invocations
 11049 | D:7      | Found a white marble altar of Elyvilon.
 11317 | D:7      | Found an ancient bone altar of Kikubaaqudgha.
 11481 | D:7      | Reached XP level 10. HP: 69/73 MP: 16/20
 11657 | D:7      | Reached **** piety under Lugonu
 12019 | D:7      | You fall into a shaft and drop 1 floor!
 12588 | D:8      | Reached skill level 5 in Fighting
 12588 | D:8      | Reached skill level 5 in Short Blades
 12588 | D:8      | Reached skill level 5 in Long Blades
 12588 | D:8      | Reached skill level 5 in Axes
 12588 | D:8      | Reached skill level 5 in Maces & Flails
 12588 | D:8      | Reached skill level 5 in Polearms
 12588 | D:8      | Reached skill level 5 in Staves
 12588 | D:8      | Reached skill level 5 in Slings
 12588 | D:8      | Reached skill level 5 in Bows
 12588 | D:8      | Reached skill level 5 in Crossbows
 12588 | D:8      | Reached skill level 5 in Throwing
 12588 | D:8      | Reached skill level 5 in Armour
 12588 | D:8      | Reached skill level 5 in Shields
 12588 | D:8      | Reached skill level 5 in Unarmed Combat
 12588 | D:8      | Reached skill level 5 in Evocations
 12688 | D:8      | Found Luruvaol's Armour Boutique.
 13902 | D:8      | Noticed Pikel
 13916 | D:8      | Killed Pikel
 14640 | D:9      | Found a bloodstained altar of Trog.
 14657 | D:9      | Found Siarheh's Distillery.
 15003 | D:9      | HP: 1/76 [orc priest/divine providence (11)]
 15644 | D:10     | Entered Level 10 of the Dungeon
 15700 | D:10     | Killed an unseen horror
 15701 | D:10     | Reached XP level 11. HP: 53/81 MP: 16/22
 16135 | D:10     | Found Zisipp's CLEARANCE SALE! EVERYTHING MUST GO!.
 16141 | D:10     | Bought a lightning rod (4/4) for 150 gold pieces
 16235 | D:10     | Noticed a +0 hand axe
 16236 | D:10     | Noticed a +0 hand axe
 16238 | D:10     | Found a hide-covered altar of Uskayaw.
 16593 | D:10     | Found Zisipp's CLEARANCE SALE! EVERYTHING MUST GO!.
 16729 | D:10     | Found a hide-covered altar of Uskayaw.
 16945 | D:10     | Reached skill level 5 in Conjurations
 16945 | D:10     | Reached skill level 5 in Hexes
 16945 | D:10     | Reached skill level 5 in Necromancy
 16945 | D:10     | Reached skill level 5 in Translocations
 16945 | D:10     | Reached skill level 5 in Transmutations
 16945 | D:10     | Reached skill level 5 in Fire Magic
 16945 | D:10     | Reached skill level 5 in Ice Magic
 16945 | D:10     | Reached skill level 5 in Air Magic
 16945 | D:10     | Reached skill level 5 in Earth Magic
 16945 | D:10     | Reached skill level 5 in Poison Magic
 17096 | D:10     | HP: 4/81 [vampire mosquito (10)]
 17097 | D:10     | Slain by a vampire mosquito

Illustrated notes

Levels and vault maps discovered:
D:1:      dpeg_arrival_pond, layout_loops_ring,
          hellmonk_ecumenical_altar_defaced_shrine, serial_shops, shop,
          hangedman_decor_points, chequers_jeans
D:2:      layout_loops_corners
D:3:      layout_rooms, nicolae_overflow_quartered_altars
D:4:      layout_basic, okawaru_gym_becter, nemelex_spade_bored_becter,
          serial_shops, kennysheep_mini, shop, nicolae_stop_n_shop_2, shop,
          nicolae_square_shop, uniq_menkaure
D:5:      layout_rooms, chequers_temple_overflow_minitemple,
          minmay_temple_entry_tees
D:6:      layout_cave_pools
D:7:      layout_basic, elyvilon_altar_5, lemuel_mausoleum_altar_kikubaaqudgha,
          minmay_misc_feat_more_columns, nicolae_stop_n_shop_2,
          corexii_checkpoint_a, skrybe_limestone_x
D:8:      layout_basic, serial_shops, shop, amethyst_killhole,
          water_boxes_lemuel, uniq_pikel
D:9:      layout_long_grid, kennysheep_little_box, serial_shops, shop
D:10:     layout_rooms, dancing_weapons_uskayaw, hangedman_decor_growths,
          nicolae_shop_clearance
D:11:     layout_loops_ring, due_lair_maze_entry_diamond, serial_bayou_pond_c,
          lemuel_flamethrower_2

Skill      XL: |  1  2  3  4  5  6  7  8  9 10 11 |
---------------+----------------------------------+-----
Spellcasting   | 5 6 7 |  7.9
Invocations    | 1 2 3 4 5 6 |  6.6
Fighting       | 1 2 3 4 5 6 |  6.0
Short Blades   | 1 2 3 4 5 6 |  6.0
Long Blades    | 1 2 3 4 5 6 |  6.0
Axes           | 1 2 3 4 5 6 |  6.0
Maces & Flails | 1 2 3 4 5 6 |  6.0
Polearms       | 1 2 3 4 5 6 |  6.0
Staves         | 1 2 3 4 5 6 |  6.0
Slings         | 1 2 3 4 5 6 |  6.0
Bows           | 1 2 3 4 5 6 |  6.0
Crossbows      | 1 2 3 4 5 6 |  6.0
Throwing       | 1 2 3 4 5 6 |  6.0
Armour         | 1 2 3 4 5 6 |  6.0
Shields        | 1 2 3 4 5 6 |  6.0
Unarmed Combat | 1 2 3 4 5 6 |  6.0
Evocations     | 1 2 3 4 5 6 |  6.0
Conjurations   | 1 2 3 4 5 |  5.0
Hexes          | 1 2 3 4 5 |  5.0
Necromancy     | 1 2 3 4 5 |  5.0
Translocations | 1 2 3 4 5 |  5.0
Transmutations | 1 2 3 4 5 |  5.0
Fire Magic     | 1 2 3 4 5 |  5.0
Ice Magic      | 1 2 3 4 5 |  5.0
Air Magic      | 1 2 3 4 5 |  5.0
Earth Magic    | 1 2 3 4 5 |  5.0
Poison Magic   | 1 2 3 4 5 |  5.0
Dodging        | 5 6 7 |  7.6
Stealth        | 5 6 7 |  7.4
Summonings     | 8 |  8.8

Action                   |  1- 3 |  4- 6 |  7- 9 | 10-12 || total
-------------------------+-------+-------+-------+-------++-------
Melee: Unarmed           |    16 |       |       |       ||    16
       Whip              |    56 |    40 |     2 |       ||    98
       Bite              |     2 |     6 |     5 |     8 ||    21
       Spear             |       |    22 |    36 |       ||    58
       Great sword       |       |       |    24 |       ||    24
       Dire flail        |       |       |    66 |    87 ||   153
       Trident           |       |       |     9 |    30 ||    39
       Glaive            |       |       |       |     7 ||     7
 Fire: Hunting sling     |       |    11 |     9 |     5 ||    25
       Shortbow          |       |       |       |     3 ||     3
 Cast: Summon Small Mamm |    48 |     6 |    10 |     2 ||    66
       Call Imp          |    15 |    12 |    18 |    15 ||    60
       Summon Guardian G |    11 |    13 |    23 |    11 ||    58
       Call Canine Famil |    10 |    11 |    21 |    17 ||    59
       Summon Lightning  |       |       |    26 |    32 ||    58
Invok: Bend Space        |       |     5 |    28 |    20 ||    53
Evoke: Wand              |       |     2 |       |     7 ||     9
  Use: Scroll            |       |     5 |     1 |     5 ||    11
 Stab: Sleeping          |     4 |     3 |    13 |     5 ||    25
       Distracted        |     1 |       |     1 |     5 ||     7
Armor: Robe              |    22 |     8 |    28 |       ||    58
       Leather armour    |       |     2 |       |       ||     2
       Steam dragon scal |       |       |    21 |    36 ||    57
Dodge: Dodged            |    66 |    37 |   117 |    99 ||   319

Table legend: (Time is in decaauts)
 A = Elapsed time spent in this place.
 B = Non-inter-level travel time spent in this place.
 C = Inter-level travel time spent in this place.
 D = Time resting spent in this place.
 E = Time spent auto-exploring this place.
 F = Levels seen in this place.
 G = Mean time per level.
                   A        B        C        D        E       F      G
               +--------+--------+--------+--------+--------+-----+--------+
         Total |  17199 |  15676 |   1523 |   1109 |  11865 |  11 | 1563.5 |
       Dungeon |  17199 |  15676 |   1523 |   1109 |  11865 |  11 | 1563.5 |
               +--------+--------+--------+--------+--------+-----+--------+

Top non-repeatable levels by time:
     D:8: 2501 daAuts
     D:4: 2348 daAuts
     D:5: 2335 daAuts
     D:2: 1966 daAuts
    D:10: 1466 daAuts
     D:6: 1429 daAuts
     D:7: 1403 daAuts
     D:1: 1314 daAuts
     D:3: 1249 daAuts
     D:9: 1168 daAuts
    D:11: 15 daAuts
